 Dungeon Crawl Stone Soup version 0.31.0-11-ge490571c62 (webtiles) character file.

Game seed: 8057481114327486527

8 browni3141 the Conjurer (level 2, 19/19 HPs)
             Began as a Demonspawn Conjurer on Jan 30, 2024.
             Got out of the dungeon alive.
             The game lasted 00:00:59 (324 turns).

browni3141 the Conjurer (Demonspawn Conjurer)        Turns: 324, Time: 00:01:00

Health: 19/19      AC:  2    Str:  7    XL:     2   Next: 0%
Magic:  5/5        EV: 14    Int: 18    God:
Gold:   0          SH:  0    Dex: 11    Spells: 4/5 levels left

rFire   . . .        f - +0 dagger
rCold   . . .        (no shield)
rNeg    . . .        a - +0 robe
rPois   .            (no helmet)
rElec   .            (no cloak)
rCorr   .            (no gloves)
SInv    .            (no boots)
Will    .....        (no amulet)
Stlth   ++           (no ring)
HPRegen 0.23/turn    (no ring)
MPRegen 0.09/turn

%: no passive effects
@: no status effects
A: repulsion field 1
a: no special abilities


You escaped.
You visited 1 branch of the dungeon, and saw 1 of its levels.

Inventory:

Hand Weapons
 f - a +0 dagger (weapon)
Armour
 a - a +0 robe (worn)
Scrolls
 c - a scroll of identify {unknown}
 d - a scroll of teleportation {unknown}
Potions
 b - a potion of magic
 e - a potion of curing {unknown}


   Skills:
 + Level 2.0 Dodging
 + Level 2.0 Stealth
 + Level 2.1 Spellcasting
 + Level 4.1 Conjurations


You had 4 spell levels left.
You knew the following spells:

 Your Spells              Type           Power      Damage    Failure   Level
a - Magic Dart            Conj           64%        1d6       3%          1

Your spell library contained the following spells:

 Spells                   Type           Power      Damage    Failure   Level
 Searing Ray              Conj           32%        2d5       4%          2
 Fulminant Prism          Conj/Alch      4%         3d5       58%         4
 Iskenderun's Mystic Bla  Conj/Tloc      9%         2d4       58%         4


Dungeon Overview and Level Annotations

Branches:
Dungeon (1/15)

Altars:


Innate Abilities, Weirdness & Mutations

You are surrounded by a mild repulsion field. (EV +2)


Message History

The magic dart hits the goblin.
The goblin is heavily wounded.
The goblin shouts!
The ball python hisses angrily.
The magic dart hits the goblin.
You kill the goblin!
The magic dart hits the quokka.
The quokka is heavily wounded.
You are out of magic!
You are out of magic!
You are out of magic!
You are out of magic!
You are out of magic!
There is an open door here.
You miss the quokka.
The quokka is heavily wounded.
The quokka closely misses you.
You barely miss the quokka.
The quokka is heavily wounded.
The quokka bites you.
You hit the quokka but do no damage.
The quokka is heavily wounded.
The quokka bites you but does no damage.
The quokka bites you.
You closely miss the quokka.
The quokka is heavily wounded.
The quokka bites you.
You miss the quokka.
The quokka is heavily wounded.
The quokka misses you.
You miss the quokka.
The quokka is heavily wounded.
The quokka bites you.
You closely miss the quokka.
The quokka is heavily wounded.
The quokka barely misses you.
The magic dart hits the quokka.
You kill the quokka!
The ball python bites you but does no damage.
The ball python barely misses you.
You see here a +0 robe.
The ball python attacks as it pursues you!
The ball python bites you. The ball python closely misses you.
The ball python bites you. The ball python grabs you.
The ball python constricts you.
You escape the ball python's grasp.
The ball python attacks as it pursues you!
The ball python bites you but does no damage.
The ball python grabs you. The ball python constricts you.
You escape the ball python's grasp.
Aiming: Magic Dart (safe; 3% risk of failure)
Press: ? - help, Q - select action Shift-Dir - straight line, f - ball python
Aim: a ball python (100% to hit)
The magic dart hits the ball python.
You kill the ball python!
HP restored.
You see here a +0 robe.
You see here a quokka corpse.
There is an open door here.
Things that are here:
a +0 dagger; a goblin corpse A goblin comes into view.
It is wielding a +0 dagger.
A goblin is nearby!
A goblin is nearby!
The magic dart hits the goblin.
The goblin is moderately wounded.
The goblin shouts!
The magic dart hits the goblin.
You kill the goblin!
Your Stealth skill increases to level 2!
You can't see any susceptible monsters within range! (Use Z to cast anyway.)
A rat comes into view.
The magic dart hits the rat.
You kill the rat!
You are out of magic!
You are out of magic!
Things that are here:
a +0 dagger; a goblin corpse
f - a +0 dagger (weapon)
You can't see any susceptible monsters within range! (Use Z to cast anyway.)
A rat comes into view.
A rat is nearby!
A rat is nearby!
The magic dart hits the rat.
You kill the rat!
Your Dodging skill increases to level 2!
You have reached level 2!
Your demonic ancestry asserts itself...
You begin to radiate repulsive energy.
You can't go up here!
Magic restored.
Things that are here:
a +0 dagger; a goblin corpse
There is an open door here.
You see here a quokka corpse.
You see here a +0 robe.
There is an open door here.
You open the door.
There is an open door here.
There is a staircase leading out of the dungeon here.
You have escaped!

#############
#...#.......#
#.#.#.#####.#
#.#.#...#.#.#
#...###.#.#.#
#.#.....#.#)#
#@#.###.#.#.#
##'.#...#.'.###
#...#.#.#.###.#
##'.#.#.#.#...#
#.#.#.#.#)#'#.#
#.#.#.#.#.#†#)####
#...###.#.#.#.#...
#.#.#.#...#.#.#.##
#.#...#####[#.#.#


There were no monsters in sight!

Vanquished Creatures
  2 goblins (D:1)
  2 kobolds (D:1)
  A quokka (D:1)
  A ball python (D:1)
  2 rats (D:1)
8 creatures vanquished.

Notes
Turn   | Place    | Note
-------+----------+-------------------------------------------
     0 | D:1      | browni3141 the Demonspawn Conjurer began the quest for the
                  | Orb.
     0 | D:1      | Reached XP level 1. HP: 13/13 MP: 3/3
   275 | D:1      | Gained mutation: You are surrounded by a mild repulsion
                  | field. (EV +2) [demonic ancestry]
   275 | D:1      | Reached XP level 2. HP: 19/19 MP: 3/5
   324 | D:$      | Got out of the dungeon alive.

Illustrated notes

Levels and vault maps discovered:
D:1:      onia_arrival_mini_maze_b, layout_basic, minmay_strange_pillars

Skill      XL: |  1 |
---------------+----+-----
Stealth        | 2 |  2.0
Dodging        | 2 |  2.0
Spellcasting   | |  2.1
Conjurations   | |  4.1

Action                     || total
---------------------------++-------
  Melee: Unarmed           ||     7
   Cast: Magic Dart        ||    13
 Armour: Robe              ||     9
  Dodge: Dodged            ||     5
